 Dungeon Crawl Stone Soup version 0.30-a0-629-gd54f4be4f7 (webtiles) character file.

Game seed: 8675716909822819411

1358 funkygono the Firebug (level 8, -3/43 HPs)
             Began as a Gargoyle Fire Elementalist on Jan 12, 2023.
             Killed from afar by a gargoyle (14 damage)
             ... with a stone arrow
             ... on level 6 of the Dungeon.
             The game lasted 00:09:53 (6570 turns).

funkygono the Firebug (Gargoyle Fire Elementalist)  Turns: 6570, Time: 00:09:54

Health: -3/43      AC: 14    Str: 12    XL:     8   Next: 64%
Magic:  8/17       EV: 12    Int: 18    God:
Gold:   254        SH:  0    Dex: 10    Spells: 9/19 levels left

rFire   + + .      SeeInvis .    e - +0 whip (chaos)
rCold   x . .      Faith    .    (no shield)
rNeg    + . .      Spirit   .    l - +0 leather armour {rF+}
rPois   ∞          Reflect  .    p - +1 helmet
rElec   +          Harm     .    x - +0 cloak
rCorr   .          Rampage  .    r - +2 pair of gloves
Will    .....                    (no boots)
Stlth   ++                       d - amulet of regeneration
HPRegen 1.07/turn                n - ring of fire
MPRegen 0.15/turn                (no ring)

@: no status effects
A: sickness immunity, AC +5, negative energy resistance 1, electricity
resistance, torment resistance 1, petrification resistance
a: no special abilities


You were on level 6 of the Dungeon.
You visited 1 branch of the dungeon, and saw 6 of its levels.
You also visited: Sewer.

You collected 380 gold pieces.
You spent 126 gold pieces at shops.

Inventory:

Hand Weapons
 e - a +0 whip of chaos (weapon)
 i - a +1 short sword of speed
 u - a +1 short sword of speed
 B - a +5 scimitar of freezing
Armour
 a - a +0 robe
 l - a +0 leather armour of fire resistance (worn)
 p - a +1 helmet (worn)
 r - a +2 pair of gloves (worn)
 x - a +0 cloak (worn)
Jewellery
 d - an amulet of regeneration (around neck)
 n - a ring of fire (left hand)
 t - an amulet of faith
Wands
 v - a wand of polymorph (3)
Scrolls
 g - a scroll of vulnerability {unknown}
 j - 4 scrolls of teleportation
 s - a scroll of fog
 y - a scroll of fear
 C - a scroll of identify
Potions
 b - 6 potions of flight
 c - a potion of ambrosia
 f - 2 potions of might
 h - a potion of attraction {unknown}
 k - a potion of mutation {unknown}
 m - 2 potions of curing
 o - 2 potions of brilliance {unknown}
 q - a potion of heal wounds
 w - a potion of lignification {unknown}
 z - a potion of cancellation {unknown}
 A - 3 potions of haste {unknown}


   Skills:
 + Level 1.3 Fighting
 + Level 1.3 Maces & Flails
 + Level 1.2 Armour
 + Level 2.7 Dodging
 - Level 2.1 Stealth
 + Level 6.4 Spellcasting
 + Level 3.6 Conjurations
 + Level 6.6 Fire Magic


You had 9 spell levels left.
You knew the following spells:

 Your Spells              Type           Power      Damage    Failure   Level
a - Foxfire               Conj/Fire      100%       2x1d9     1%          1
b - Scorch                Fire           88%        2d9       1%          2
c - Kindle Blastsparks    Fire/Tloc/Air  40%        2d13      19%         3
d - Flame Wave            Conj/Fire      36%        2d10      19%         4

Your spell library contained the following spells:

 Spells                   Type           Power      Damage    Failure   Level
 Inner Flame              Hex/Fire       26%        N/A       12%         3
 Call Canine Familiar     Summ           5%         N/A       41%         3
 Portal Projectile        Hex/Tloc       10%        N/A       41%         3
 Tukima's Dance           Hex            5%         N/A       41%         3
 Leda's Liquefaction      Hex/Erth       2%         N/A       82%         4
 Blade Hands              Tmut           2%         N/A       99%         5


Dungeon Overview and Level Annotations

Branches:
Dungeon (6/15)              Sewer (visited)
 Temple: D:4-7

Altars:
Ashenzari
Cheibriados
Xom
Zin

Shops:
D:4 *   D:6 [

Annotations:
D:5 1 runed translucent door, zero's ghost, novice GrEE


Innate Abilities, Weirdness & Mutations

You are immune to sickness and miasma.
Your stone body is resilient. (AC +5)
You are immune to poison.
You resist negative energy. (rN+)
You are resistant to electric shocks. (rElec)
You are resistant to unholy torment.
You are immune to petrification.


Message History

The gargoyle is lightly damaged.
The gargoyle's fire resistance burns away.
The foxfire hits the gargoyle but does no damage.
The gargoyle is lightly damaged.
Unknown command.
You completely miss the gargoyle.
The gargoyle is lightly damaged.
The gargoyle closely misses you.
Casting: Scorch (safe; 1% risk of failure)
Confirm with . or Enter, or press ? or * to list all spells.
You feel a surge of power!
You conjure some foxfire!
The gargoyle is no longer more vulnerable to fire.
The gargoyle closely misses you.
Casting: Foxfire (safe; 1% risk of failure)
Confirm with . or Enter, or press ? or * to list all spells.
You feel a surge of power!
Flames lash the gargoyle but do no damage.
The foxfire hits the gargoyle but does no damage.
The gargoyle is lightly damaged.
The foxfire hits the gargoyle but does no damage.
The gargoyle is lightly damaged.
The gargoyle hits you with a +0 mace!
Unknown command.
Casting: Scorch (safe; 1% risk of failure)
Confirm with . or Enter, or press ? or * to list all spells.
You feel a surge of power!
You conjure some foxfire!
The gargoyle hits you with a +0 mace!!
* * * LOW HITPOINT WARNING * * *
Casting: Foxfire (safe; 1% risk of failure)
Confirm with . or Enter, or press ? or * to list all spells.
You feel a surge of power!
Flames lash the gargoyle.
The gargoyle is moderately damaged.
The gargoyle's fire resistance burns away.
The foxfire hits the gargoyle but does no damage.
The gargoyle is moderately damaged.
The foxfire hits the gargoyle but does no damage.
The gargoyle is moderately damaged.
The gargoyle hurls a stone arrow at you.
The stone arrow hits you!
You die...

#....... #....... .
###....... .. ###
#........# ... #..
#........# ##....
...# #........###
#....
#..........###..#
#.<.)......§@9.# #
#........###.### #
#.....)).# #..# #
#.....)..####.# #.#
##
####.#....###.#####..
#. #.####...#....#..
#. #.........####...#
##. ########...#
#...# #.. ##..###.#.#
##..


You could see a gargoyle (combustible).

Vanquished Creatures
  Eustachio (D:5)
  An ice beast (D:5)
  2 black bears (D:5)
  A necrophage (D:5)
  4 wights (D:6)
  2 jellies
  A hound (D:5)
  2 orc priests
  4 orc wizards (D:4)
  2 iguanas
  A merfolk siren (Sewer)
  A merfolk avatar (Sewer)
  3 gnolls (D:6)
  14 adders
  2 river rats (Sewer)
  A white imp (D:6)
  An ufetubus (D:6)
  A worm (D:1)
  16 orcs
  5 endoplasms
  8 giant cockroaches
  2 goblins
  6 hobgoblins
  3 jackals (D:4)
  5 quokkas
  4 ball pythons
  8 bats
  8 frilled lizards
  11 kobolds
  25 rats
145 creatures vanquished.

Vanquished Creatures (others)
  A wight (D:6)
  393 foxfires
  23 plants (D:6)
417 creatures vanquished.

Grand Total: 562 creatures vanquished

Notes
Turn   | Place    | Note
-------+----------+-------------------------------------------
     0 | D:1      | funkygono the Gargoyle Fire Elementalist began the quest
                  | for the Orb.
     0 | D:1      | Reached XP level 1. HP: 10/10 MP: 3/3
   280 | D:1      | Reached XP level 2. HP: 15/15 MP: 1/5
   283 | D:1      | Learned a level 2 spell: Scorch
   680 | D:2      | Found a snail-covered altar of Cheibriados.
   817 | D:2      | Reached XP level 3. HP: 19/19 MP: 1/7
   821 | D:2      | Learned a level 3 spell: Kindle Blastsparks
  1984 | D:3      | Found a glowing drain.
  2063 | Sewer    | Entered a sewer
  2170 | Sewer    | Reached XP level 4. HP: 24/24 MP: 5/8
  2437 | Sewer    | Reached XP level 5. HP: 26/28 MP: 0/10
  2694 | Sewer    | Noticed a malarious merfolk avatar
  2700 | Sewer    | Killed a malarious merfolk avatar
  2709 | Sewer    | Learned a level 4 spell: Flame Wave
  3183 | D:3      | Found a faded altar of an unknown god.
  3559 | D:4      | Reached XP level 6. HP: 32/32 MP: 5/11
  4150 | D:4      | Found Zin's Purification Station.
  4150 | D:4      | Found a glowing silver altar of Zin.
  4403 | D:4      | Reached skill level 5 in Fire Magic
  4470 | D:4      | Found a broken altar of Ashenzari.
  4738 | D:4      | Found a shimmering altar of Xom.
  4821 | D:5      | Entered Level 5 of the Dungeon
  4865 | D:5      | Reached skill level 1 in Maces & Flails
  4865 | D:5      | Reached XP level 7. HP: 37/37 MP: 8/13
  4989 | D:5      | Reached skill level 1 in Fighting
  5239 | D:5      | Found a runed translucent door.
  5243 | D:5      | Noticed zero's ghost (novice GrEE)
  5370 | D:5      | Noticed Eustachio
  5501 | D:5      | Killed Eustachio
  5502 | D:5      | Reached skill level 5 in Spellcasting
  5561 | D:5      | Reached XP level 8. HP: 43/43 MP: 9/16
  6035 | D:6      | Found Tesuasat's Antique Armour Boutique.
  6114 | D:6      | Bought a cloak for 126 gold pieces
  6306 | D:6      | Reached skill level 1 in Armour
  6560 | D:6      | Noticed a gargoyle
  6570 | D:6      | Killed from afar by a gargoyle

Illustrated notes

Levels and vault maps discovered:
D:1:      dpeg_arrival_connections, layout_rooms
D:2:      layout_basic, serial_rivers, chequers_serial_rivers_marsh,
          chequers_serial_rivers_micro_c, chequers_serial_rivers_marsh,
          chequers_serial_rivers_small_b, basic_altar
D:3:      layout_basic, chequers_ecumenical_altar_island, portal_sewer_entry_f,
          skrybe_limestone_x
D:4:      layout_basic, mainiacjoe_overflow_concentric_impassable,
          mainiacjoe_overflow_alcove_2, zin_purify, minmay_misc_feat_doors
D:5:      layout_loops_ring, ebering_ghost_sewer_d, uniq_eustachio
D:6:      layout_rooms, mainiacjoe_overflow_catwalk, minmay_temple_entry_oklob,
          serial_shops, kennysheep_little_box

Skill      XL: |  1  2  3  4  5  6  7  8 |
---------------+-------------------------+-----
Spellcasting   | 3 4 5 6 |  6.4
Fire Magic     | 4 5 6 |  6.6
Dodging        | 2 |  2.7
Conjurations   | 2 3 |  3.6
Maces & Flails | 1 |  1.3
Fighting       | 1 |  1.3
Armour         | 1 |  1.2
Stealth        | |  2.1

Action                   |  1- 3 |  4- 6 |  7- 9 || total
-------------------------+-------+-------+-------++-------
Melee: Whip              |     6 |    35 |    23 ||    64
 Cast: Foxfire           |    61 |   110 |    62 ||   233
       Scorch            |     6 |    16 |    35 ||    57
  Use: Potion            |       |     3 |     3 ||     6
       Scroll            |       |    10 |     1 ||    11
Armor: Robe              |     6 |    53 |    17 ||    76
       Leather armour    |       |       |    12 ||    12
Dodge: Dodged            |    13 |    29 |    43 ||    85

Table legend: (Time is in decaauts)
 A = Elapsed time spent in this place.
 B = Non-inter-level travel time spent in this place.
 C = Inter-level travel time spent in this place.
 D = Time resting spent in this place.
 E = Time spent auto-exploring this place.
 F = Levels seen in this place.
 G = Mean time per level.
                   A        B        C        D        E       F      G
               +--------+--------+--------+--------+--------+-----+--------+
         Total |   6637 |   6502 |    135 |    511 |   4900 |   7 |  948.1 |
       Dungeon |   5830 |   5695 |    135 |    446 |   4343 |   6 |  971.7 |
         Sewer |    807 |    807 |      0 |     65 |    556 |   1 |  807.0 |
               +--------+--------+--------+--------+--------+-----+--------+

Top non-repeatable levels by time:
     D:4: 1345 daAuts
     D:2: 1093 daAuts
     D:5: 1055 daAuts
     D:3: 921 daAuts
   Sewer: 807 daAuts
     D:1: 798 daAuts
     D:6: 617 daAuts
